 Dungeon Crawl Stone Soup version 0.30-a0-174-gbc10bd73c2 (webtiles) character file.

Game seed: 9456455996642485718

11370 qw the Cleaver (level 11, -3/71 HPs)
             Began as a Gargoyle Fighter on Oct 1, 2022.
             Slain by Snorg (9 damage)
             ... on level 11 of the Dungeon.
             The game lasted 00:04:17 (10672 turns).

qw the Cleaver (Gargoyle Fighter)                  Turns: 10672, Time: 00:04:17

Health: -3/71      AC: 26    Str: 25    XL:     11   Next: 76%
Magic:  11/11      EV:  7    Int:  9    God:
Gold:   411        SH: 15    Dex:  9    Spells: 10/10 levels left

rFire   . . .      SeeInvis +    Y - +3 broad axe
rCold   . . .      Faith    .    n - +0 kite shield
rNeg    + + .      Spirit   .    u - +1 chain mail {rPois}
rPois   inf        Reflect  +    (no helmet)
rElec   +          Harm     .    r - +2 cloak
rCorr   .          Rampage  .    e - +1 pair of gloves {Str+3}
Will    .....                    o - +0 pair of boots of Virtue {rN+}
Stlth   ..........               i - amulet of reflection
HPRegen 0.31/turn                k - ring of see invisible
MPRegen 0.12/turn                (no ring)

@: no status effects
A: sickness immunity, AC +8, negative energy resistance 1, electricity
resistance, torment resistance 1, petrification resistance, mutation resistance
1, weak 1
a: no special abilities


You were on level 11 of the Dungeon.
You visited 1 branch of the dungeon, and saw 11 of its levels.

You collected 518 gold pieces.
You spent 107 gold pieces at shops.


Innate Abilities, Weirdness & Mutations

You are immune to sickness and miasma.
Your stone body is resilient. (AC +8)
You are immune to poison.
You resist negative energy. (rN+)
You are resistant to electric shocks. (rElec)
You are resistant to unholy torment.
You are immune to petrification.
You are somewhat resistant to further mutation.
You are weak. (Str -2)


   Skills:
 - Level 9.0 Fighting
 + Level 11.1 Axes
 - Level 4.0 Throwing
 - Level 7.0 Armour
 - Level 2.2 Dodging
 - Level 10.1 Shields


You had 10 spell levels left.
You didn't know any spells.
Your spell library was empty.

Inventory:

Hand Weapons
 p - the +11 morningstar of the Horn {vorpal, Dex+2}
   (You took it off an orc on level 8 of the Dungeon)

   It inflicts extra damage upon your enemies.
   Dex:       It affects your dexterity (+2).
 Y - a +3 broad axe (weapon)
Missiles
 b - 8 boomerangs
 q - 3 silver boomerangs (quivered)
Armour
 e - a +1 pair of gloves of strength (worn)
 n - a +0 kite shield (worn)
 o - the +0 pair of boots of Virtue (worn) {rN+}
   (You acquired it on level 7 of the Dungeon)

   rN:        It protects you from negative energy.
 r - a +2 cloak (worn)
 s - +0 acid dragon scales
 u - a +1 chain mail of poison resistance (worn)
Jewellery
 i - an amulet of reflection (around neck)
 k - a ring of see invisible (left hand)
Scrolls
 a - 2 scrolls of identify
Potions
 c - a potion of resistance
 d - 2 potions of might
 f - a potion of lignification {unknown}
 g - a potion of curing
 h - a potion of degeneration {unknown}
 l - 3 potions of mutation
 m - a potion of attraction
 v - a potion of ambrosia {unknown}
 w - a potion of haste
 x - a potion of cancellation {unknown}

Dungeon Overview and Level Annotations

Branches:
Dungeon (11/15)            Temple (0/1) D:5            Lair (0/5) D:8
    Orc: D:9-12

Altars:
Ashenzari
Elyvilon
Hepliaklqana
Qazlal
Uskayaw
Vehumet

Shops:
D:3 *   D:6 (

Annotations:
D:4 1 runed translucent door, Crazy Yiuf
D:11 Snorg


Message History

The killer bee stings you but does no damage. x2
Snorg bites you but does no damage. Snorg claws you but does no damage.
You block Snorg's attack.
The killer bee stings you but does no damage. x2
You closely miss the killer bee.
The killer bee is severely wounded.
You slash the killer bee! You barely miss Snorg.
You block the killer bee's attack. The killer bee closely misses you.
Snorg bites you but does no damage. You block Snorg's attack.
Snorg barely misses you.
The killer bee stings you but does no damage.
The killer bee stings you. You block Snorg's attack. Snorg claws you.
Snorg claws you!
You closely miss the killer bee.
The killer bee is almost dead.
You slash Snorg! You completely miss the killer bee.
You block the killer bee's attack. x2; The killer bee barely misses you.
You block the killer bee's attack. Snorg bites you but does no damage.
Snorg claws you but does no damage. You block Snorg's attack.
Snorg closely misses you. Snorg claws you but does no damage. Snorg claws you.
The killer bee barely misses you. x2
You closely miss the killer bee.
The killer bee is severely wounded.
You slash the killer bee!
You kill the killer bee!
You hit Snorg. You block the killer bee's attack. Snorg bites you.
Snorg claws you! Snorg claws you but does no damage.
The killer bee stings you but does no damage.
You miss the killer bee.
The killer bee is severely wounded.
You slash Snorg! The killer bee barely misses you. You block Snorg's attack.
Snorg closely misses you. You block Snorg's attack.
The killer bee barely misses you. Snorg bites you! You block Snorg's attack. x2
You closely miss the killer bee.
The killer bee is severely wounded.
You hit Snorg. You block the killer bee's attack. Snorg bites you.
Snorg claws you!
You die...

%..................#
..................>#
...................#
...................#
...................#
........# #........#
......y.# #........#
......T@# #..<>....#
......%.# #........#
.........# #........#
..............# #........#
.................# #........#
.................# #........#
............^....# #........#
.................# #........#
.................###........#


You could see Snorg (berserk) and a killer bee.

Vanquished Creatures
  A boulder beetle (D:11)
  3 two-headed ogres
  Amaemon (D:11)
  Maurice (D:8)
  An orange demon (D:11)
  Psyche (D:8)
  2 kobold demonologists
  Grinder (D:4)
  6 slime creatures (D:11)
  10 yaks
  2 wyverns
  A wraith (D:11)
  Eustachio (D:4)
  A steam dragon (D:9)
  2 acid dragons
  A water moccasin (D:9)
  3 orc warriors
  2 sky beasts
  A black bear (D:5)
  2 centaurs
  4 kobold brigands
  4 bullfrogs
  2 necrophages
  A scorpion (D:6)
  8 wights
  13 killer bees
  5 jellies
  3 hounds (D:5)
  A gnoll bouda (D:6)
  5 orc priests
  6 iguanas
  Ijyb (D:4)
  7 orc wizards
  5 gnolls (D:6)
  5 adders
  A shadow imp (D:5)
  An ufetubus (D:5)
  2 dart slugs
  40 orcs
  7 endoplasms
  A giant cockroach (D:3)
  9 goblins
  8 hobgoblins
  11 jackals
  A quokka (D:2)
  5 ball pythons
  7 bats
  3 frilled lizards
  24 kobolds
  A rat (D:3)
234 creatures vanquished.

Notes
Turn   | Place    | Note
-------+----------+-------------------------------------------
     0 | D:1      | qw the Gargoyle Fighter began the quest for the Orb.
     0 | D:1      | Reached XP level 1. HP: 14/14 MP: 1/1
     0 | D:1      | 0 ||| qw: Version: 0.2-a-13-gfc7b4b4
     0 | D:1      | 0 ||| qw: Game counter: 1932
     0 | D:1      | 0 ||| qw: Always use a shield: true
     0 | D:1      | 0 ||| qw: God list: Okawaru
     0 | D:1      | 0 ||| qw: Allow faded altars: false
     0 | D:1      | 0 ||| qw: Do Orc after D:15 true
     0 | D:1      | 0 ||| qw: Do second Lair branch before Depths: true
     0 | D:1      | 0 ||| qw: Lair rune preference: random
     0 | D:1      | 0 ||| qw: Plans: Normal, Zot:1-4, God:TSO, Crypt, Tomb,
                  | Pan, Slime:5, Hells, Abyss, Orb
     0 | D:1      | 0 ||| PLANNING D:1-11
    52 | D:1      | 52 ||| Stepping ~*~*~tactically~*~*~ (stealth).
    61 | D:1      | 61 ||| Stepping ~*~*~tactically~*~*~ (stealth).
    64 | D:1      | 64 ||| Stepping ~*~*~tactically~*~*~ (stealth).
    77 | D:1      | Reached skill level 2 in Axes
   212 | D:1      | 212 ||| DROPPING +0 club.
   298 | D:1      | Reached XP level 2. HP: 15/19 MP: 2/2
   354 | D:1      | Found a faded altar of an unknown god.
   855 | D:1      | 855 ||| READING scroll labelled KON ITUACONIJ.
   859 | D:1      | 859 ||| READING scroll labelled OCE KENIWKIMA.
   860 | D:1      | 860 ||| READING scroll labelled MUTSOA ZYLY.
   907 | D:2      | Reached skill level 3 in Axes
   919 | D:2      | Reached XP level 3. HP: 23/23 MP: 3/3
   974 | D:2      | 974 ||| Stepping ~*~*~tactically~*~*~ (stealth).
   976 | D:2      | 976 ||| Stepping ~*~*~tactically~*~*~ (stealth).
   997 | D:2      | 997 ||| Stepping ~*~*~tactically~*~*~ (stealth).
  1006 | D:2      | 1006 ||| Stepping ~*~*~tactically~*~*~ (stealth).
  1124 | D:2      | Reached XP level 4. HP: 28/28 MP: 4/4
  1191 | D:2      | 1191 ||| Stepping ~*~*~tactically~*~*~ (stealth).
  1192 | D:2      | 1192 ||| Stepping ~*~*~tactically~*~*~ (stealth).
  1328 | D:2      | Found a hazy altar of Hepliaklqana.
  1331 | D:2      | 1331 ||| UPGRADING to +0 pair of gloves of strength.
  1336 | D:2      | 1336 ||| UPGRADING to +0 chain mail.
  1346 | D:2      | 1346 ||| DROPPING +0 scale mail.
  1347 | D:2      | 1347 ||| UPGRADING to amulet of reflection.
  1352 | D:2      | 1352 ||| READING scroll labelled FIKA ROESO.
  1353 | D:2      | 1353 ||| READING scroll labelled WYTYPLAONO.
  1354 | D:2      | 1354 ||| READING scroll labelled DIGU LIYCYACH.
  1540 | D:3      | Found Zetziw's General Store.
  1543 | D:3      | 1543 ||| BUYING potion of curing (33 gold).
  1543 | D:3      | Bought a potion of curing for 33 gold pieces
  1543 | D:3      | 1543 ||| BUYING scroll of identify (22 gold).
  1543 | D:3      | Bought a scroll of identify for 22 gold pieces
  1543 | D:3      | 1543 ||| SHOPLISTING scroll of teleportation (33 gold, have
                  | 11).
  1972 | D:3      | 1972 ||| DROPPING +1 whip of electrocution.
  2001 | D:3      | 2001 ||| READING 2 scrolls of identify.
  2001 | D:3      | 2001 ||| IDENTIFYING sedimented yellow potion
  2002 | D:3      | 2002 ||| DROPPING potion of magic.
  2012 | D:4      | 2012 ||| STAIRDANCE
  2018 | D:4      | 2018 ||| STAIRDANCE
  2030 | D:4      | Reached skill level 1 in Throwing
  2030 | D:4      | 2030 ||| STAIRDANCE
  2093 | D:4      | Reached skill level 4 in Axes
  2107 | D:4      | Noticed Eustachio
  2109 | D:4      | 2109 ||| Stepping ~*~*~tactically~*~*~ (stealth).
  2142 | D:4      | HP: 7/28 [river rat[Eustachio] (3)]
  2143 | D:4      | 2143 ||| READING scroll of teleportation.
  2273 | D:4      | Noticed Grinder
  2283 | D:4      | Paralysed by Grinder for 3 turns
  2291 | D:4      | Paralysed by Grinder for 5 turns
  2297 | D:4      | 2297 ||| Stepping ~*~*~tactically~*~*~ (hiding).
  2302 | D:4      | Killed Grinder
  2303 | D:4      | Reached skill level 5 in Axes
  2303 | D:4      | Reached XP level 5. HP: 32/32 MP: 5/5
  2303 | D:4      | Reached XP level 6. HP: 37/37 MP: 6/6
  2433 | D:4      | Noticed Ijyb
  2441 | D:4      | Killed Ijyb
  2473 | D:4      | 2473 ||| Stepping ~*~*~tactically~*~*~ (stealth).
  2479 | D:4      | 2479 ||| Stepping ~*~*~tactically~*~*~ (stealth).
  2485 | D:4      | 2485 ||| Stepping ~*~*~tactically~*~*~ (stealth).
  2486 | D:4      | 2486 ||| Stepping ~*~*~tactically~*~*~ (stealth).
  2530 | D:4      | 2530 ||| Stepping ~*~*~tactically~*~*~ (stealth).
  2651 | D:4      | Found a runed translucent door.
  2652 | D:4      | Noticed Crazy Yiuf
  3041 | D:4      | Killed Eustachio
  3042 | D:4      | Reached XP level 7. HP: 44/44 MP: 7/7
  3091 | D:4      | Found a radiant altar of Vehumet.
  3202 | D:4      | Found a hide-covered altar of Uskayaw.
  3428 | D:4      | 3428 ||| DROPPING orb of energy.
  3429 | D:4      | 3429 ||| READING scroll labelled ASOHEW SELIQUBOU.
  3430 | D:4      | 3430 ||| READING scroll labelled AVAES KUL DAD.
  3431 | D:4      | 3431 ||| DRINKING 2 brown potions.
  3467 | D:5      | Entered Level 5 of the Dungeon
  3475 | D:5      | 3475 ||| Stepping ~*~*~tactically~*~*~ (stealth).
  3489 | D:5      | Reached skill level 6 in Axes
  3531 | D:5      | Reached skill level 1 in Dodging
  3752 | D:5      | 3752 ||| Stepping ~*~*~tactically~*~*~ (stealth).
  3753 | D:5      | 3753 ||| Stepping ~*~*~tactically~*~*~ (stealth).
  3765 | D:5      | 3765 ||| Stepping ~*~*~tactically~*~*~ (stealth).
  3883 | D:5      | 3883 ||| Stepping ~*~*~tactically~*~*~ (stealth).
  3994 | D:5      | Reached skill level 7 in Axes
  4156 | D:5      | Reached XP level 8. HP: 44/49 MP: 8/8
  4386 | D:5      | 4386 ||| SWAPPING to +0 broad axe.
  4387 | D:5      | 4387 ||| DROPPING +0 war axe.
  4404 | D:5      | Found a staircase to the Ecumenical Temple.
  4491 | D:5      | 4491 ||| UPGRADING to +0 kite shield.
  4501 | D:5      | 4501 ||| DROPPING +0 buckler.
  4502 | D:5      | 4502 ||| READING scroll labelled BOJ TEUFURRON.
  4503 | D:5      | 4503 ||| DRINKING 2 fuming coppery potions.
  4504 | D:5      | 4504 ||| READING 2 scrolls of identify.
  4504 | D:5      | 4504 ||| IDENTIFYING dark potion
  4505 | D:5      | 4505 ||| DROPPING potion of flight.
  4506 | D:5      | 4506 ||| DROPPING potion of berserk rage.
  4538 | D:6      | HP: 12/49 [gnoll/+0 spear[a gnoll bouda] (3)]
  4539 | D:6      | 4539 ||| DRINKING 2 potions of heal wounds.
  4645 | D:6      | Found Kutoap's Weapon Shop.
  4648 | D:6      | 4648 ||| BUYING +0 morningstar (52 gold).
  4648 | D:6      | Bought a +0 morningstar for 52 gold pieces
  4648 | D:6      | 4648 ||| DROPPING +0 flail.
  4708 | D:6      | 4708 ||| Stepping ~*~*~tactically~*~*~ (hiding).
  4780 | D:6      | Found a stormy altar of Qazlal.
  4875 | D:6      | Reached skill level 6 in Shields
  5019 | D:6      | Found a broken altar of Ashenzari.
  5169 | D:6      | 5169 ||| Stepping ~*~*~tactically~*~*~ (stealth).
  5284 | D:6      | 5284 ||| READING scroll labelled NEKHLU TAUNLU.
  5319 | D:6      | 5319 ||| READING 2 scrolls labelled LAONUOFIWN.
  5320 | D:6      | 5320 ||| DRINKING 3 orange potions.
  5320 | D:6      | Gained mutation: You are somewhat resistant to further
                  | mutation. [potion of mutation]
  5320 | D:6      | Gained mutation: You are weak. (Str -2) [potion of
                  | mutation]
  5321 | D:6      | 5321 ||| DROPPING scroll of butterflies.
  5330 | D:6      | 5330 ||| STAIRDANCE
  5334 | D:6      | 5334 ||| STAIRDANCE
  5338 | D:6      | 5338 ||| STAIRDANCE
  5342 | D:6      | 5342 ||| STAIRDANCE
  5346 | D:6      | 5346 ||| STAIRDANCE
  5350 | D:6      | 5350 ||| STAIRDANCE
  5354 | D:6      | 5354 ||| STAIRDANCE
  5358 | D:6      | 5358 ||| STAIRDANCE
  5362 | D:6      | 5362 ||| STAIRDANCE
  5366 | D:6      | 5366 ||| STAIRDANCE
  5370 | D:6      | 5370 ||| STAIRDANCE
  5374 | D:6      | 5374 ||| STAIRDANCE
  5378 | D:6      | 5378 ||| STAIRDANCE
  5382 | D:6      | 5382 ||| STAIRDANCE
  5386 | D:6      | 5386 ||| STAIRDANCE
  5390 | D:6      | 5390 ||| STAIRDANCE
  5394 | D:6      | 5394 ||| STAIRDANCE
  5398 | D:6      | 5398 ||| STAIRDANCE
  5402 | D:6      | 5402 ||| STAIRDANCE
  5406 | D:6      | 5406 ||| STAIRDANCE
  5546 | D:7      | 5546 ||| DRINKING 3 potions of curing.
  5546 | D:7      | 5546 ||| (to cure confusion)
  5573 | D:7      | 5573 ||| DRINKING 2 potions of curing.
  5573 | D:7      | 5573 ||| (to cure confusion)
  5669 | D:7      | Reached skill level 8 in Axes
  5669 | D:7      | Reached XP level 9. HP: 34/54 MP: 9/9
  5809 | D:7      | 5809 ||| READING scroll of enchant armour.
  5809 | D:7      | 5809 ||| ENCHANTING +0 pair of gloves of strength.
  6072 | D:7      | Reached skill level 6 in Fighting
  6240 | D:7      | 6240 ||| READING scroll labelled TOKLOA ZOSK.
  6240 | D:7      | Identified a scroll of acquirement
  6240 | D:7      | 6240 ||| ACQUIRING +0 pair of boots of Virtue {rN+}
  6240 | D:7      | Acquired the +0 pair of boots of Virtue {rN+}
  6242 | D:7      | 6242 ||| UPGRADING to +0 pair of boots of Virtue {rN+}.
  6247 | D:7      | 6247 ||| READING 2 scrolls labelled AKESALO MEEL.
  6248 | D:7      | 6248 ||| READING scroll of enchant weapon.
  6248 | D:7      | 6248 ||| ENCHANTING +1 broad axe.
  6249 | D:7      | 6249 ||| DRINKING 2 yellow potions.
  6371 | D:8      | 6371 ||| Stepping ~*~*~tactically~*~*~ (stealth).
  6394 | D:8      | Identified the +5 leather armour of the Archfiend {Will+}
  6435 | D:8      | 6435 ||| Stepping ~*~*~tactically~*~*~ (stealth).
  6599 | D:8      | Noticed a two-headed ogre
  6608 | D:8      | Killed a two-headed ogre
  6609 | D:8      | Reached skill level 9 in Axes
  6609 | D:8      | 6609 ||| STAIRDANCE
  6682 | D:7      | 6682 ||| DROPPING amulet of faith.
  6683 | D:7      | 6683 ||| DROPPING +6 ring of intelligence.
  6774 | D:8      | Found a staircase to the Lair.
  6814 | D:8      | Identified the +11 morningstar of the Horn {vorpal, Dex+2}
  6833 | D:8      | 6833 ||| DROPPING +0 morningstar.
  6854 | D:8      | Noticed Psyche
  6884 | D:8      | 6884 ||| FLEEEEING.
  6885 | D:8      | 6885 ||| FLEEEEING.
  6889 | D:8      | 6889 ||| FLEEEEING.
  6890 | D:8      | 6890 ||| FLEEEEING.
  6891 | D:8      | 6891 ||| FLEEEEING.
  6892 | D:8      | 6892 ||| FLEEEEING.
  6893 | D:8      | 6893 ||| FLEEEEING.
  6899 | D:8      | Killed Psyche
  6900 | D:8      | Reached skill level 3 in Throwing
  6900 | D:8      | Reached XP level 10. HP: 30/60 MP: 10/10
  6900 | D:8      | Noticed Maurice
  6939 | D:8      | HP: 15/60 [something/iceblast (5)]
  6953 | D:8      | HP: 14/60 [something (3)]
  6958 | D:8      | Killed Maurice
  7000 | D:8      | 7000 ||| FLEEEEING.
  7001 | D:8      | 7001 ||| FLEEEEING.
  7002 | D:8      | 7002 ||| FLEEEEING.
  7007 | D:8      | 7007 ||| FLEEEEING.
  7008 | D:8      | 7008 ||| FLEEEEING.
  7018 | D:8      | 7018 ||| FLEEEEING.
  7019 | D:8      | 7019 ||| FLEEEEING.
  7021 | D:8      | 7021 ||| FLEEEEING.
  7022 | D:8      | 7022 ||| FLEEEEING.
  7023 | D:8      | 7023 ||| FLEEEEING.
  7024 | D:8      | 7024 ||| FLEEEEING.
  7025 | D:8      | 7025 ||| FLEEEEING.
  7026 | D:8      | 7026 ||| FLEEEEING.
  7027 | D:8      | 7027 ||| STAIRDANCE
  7150 | D:8      | 7150 ||| Stepping ~*~*~tactically~*~*~ (hiding).
  7151 | D:8      | 7151 ||| Stepping ~*~*~tactically~*~*~ (hiding).
  7236 | D:8      | 7236 ||| Stepping ~*~*~tactically~*~*~ (stealth).
  7243 | D:8      | 7243 ||| FLEEEEING.
  7247 | D:8      | 7247 ||| STAIRDANCE
  7294 | D:8      | 7294 ||| Stepping ~*~*~tactically~*~*~ (hiding).
  7430 | D:8      | 7430 ||| DROPPING +0 flail.
  7791 | D:8      | 7791 ||| UPGRADING to +2 cloak.
  7796 | D:8      | 7796 ||| READING 2 scrolls of identify.
  7796 | D:8      | 7796 ||| IDENTIFYING white potion
  7852 | D:9      | 7852 ||| Stepping ~*~*~tactically~*~*~ (cloud).
  7926 | D:9      | 7926 ||| FLEEEEING.
  7927 | D:9      | 7927 ||| FLEEEEING.
  7933 | D:9      | 7933 ||| STAIRDANCE
  8009 | D:9      | 8009 ||| Stepping ~*~*~tactically~*~*~ (stealth).
  8012 | D:9      | 8012 ||| Stepping ~*~*~tactically~*~*~ (stealth).
  8026 | D:9      | Reached skill level 9 in Shields
  8076 | D:9      | Noticed a two-headed ogre
  8081 | D:9      | Killed a two-headed ogre
  8109 | D:9      | Noticed a kobold demonologist
  8120 | D:9      | Killed a kobold demonologist
  8121 | D:9      | Reached skill level 10 in Axes
  8181 | D:9      | Found a white marble altar of Elyvilon.
  8250 | D:9      | Reached skill level 6 in Armour
  8523 | D:9      | 8523 ||| Stepping ~*~*~tactically~*~*~ (stealth).
  8527 | D:9      | 8527 ||| Stepping ~*~*~tactically~*~*~ (stealth).
  8529 | D:9      | 8529 ||| Stepping ~*~*~tactically~*~*~ (hiding).
  8617 | D:9      | 8617 ||| UPGRADING to +1 chain mail of poison resistance.
  8627 | D:9      | 8627 ||| DROPPING +0 chain mail.
  8628 | D:9      | 8628 ||| READING scroll labelled JUSTRA KERE.
  8655 | D:10     | Entered Level 10 of the Dungeon
  8655 | D:10     | Noticed a two-headed ogre
  8661 | D:10     | Killed a two-headed ogre
  8706 | D:10     | Reached XP level 11. HP: 61/69 MP: 11/11
  8780 | D:10     | 8780 ||| Stepping ~*~*~tactically~*~*~ (water).
  8816 | D:10     | Found a flagged portal.
  8868 | D:10     | 8868 ||| Stepping ~*~*~tactically~*~*~ (stealth).
  8869 | D:10     | 8869 ||| Stepping ~*~*~tactically~*~*~ (stealth).
  8895 | D:10     | HP: 13/69 [orc warrior/+0 trident (8)]
  8896 | D:10     | 8896 ||| READING scroll of teleportation.
  8897 | D:10     | 8897 ||| DRINKING 2 potions of heal wounds.
  9045 | D:10     | 9045 ||| READING scroll of enchant weapon.
  9045 | D:10     | 9045 ||| ENCHANTING +2 broad axe.
  9155 | D:10     | Found the amulet of the Air {Inacc Air Fly rElec RMsl}
  9543 | D:10     | 9543 ||| UPGRADING to ring of see invisible.
  9544 | D:10     | 9544 ||| DRINKING 2 metallic golden potions.
  9619 | D:11     | Noticed Amaemon
  9632 | D:11     | Reached skill level 11 in Axes
  9635 | D:11     | Killed Amaemon
  9710 | D:11     | 9710 ||| Stepping ~*~*~tactically~*~*~ (stealth).
  9711 | D:11     | 9711 ||| Stepping ~*~*~tactically~*~*~ (stealth).
  9758 | D:11     | Found a broken altar of Ashenzari.
  9828 | D:11     | Noticed a boulder beetle
  9861 | D:11     | Killed a boulder beetle
  9986 | D:11     | 9986 ||| Stepping ~*~*~tactically~*~*~ (stealth).
  9991 | D:11     | 9991 ||| Stepping ~*~*~tactically~*~*~ (stealth).
  9993 | D:11     | 9993 ||| Stepping ~*~*~tactically~*~*~ (hiding).
 10147 | D:11     | 10147 ||| Stepping ~*~*~tactically~*~*~ (stealth).
 10149 | D:11     | 10149 ||| Stepping ~*~*~tactically~*~*~ (stealth).
 10216 | D:11     | Noticed a two-headed ogre
 10229 | D:11     | HP: 12/69 [two-headed ogre/+0 giant spiked club (15)]
 10230 | D:11     | 10230 ||| READING scroll of teleportation.
 10231 | D:11     | 10231 ||| DRINKING potion of heal wounds.
 10378 | D:11     | HP: 14/69 [large slime creature (5)]
 10383 | D:11     | Reached skill level 9 in Fighting
 10383 | D:11     | HP: 3/71 [slime creature (9)]
 10659 | D:11     | Noticed Snorg
 10670 | D:11     | HP: 15/71 [Snorg (10)]
 10672 | D:11     | HP: 6/71 [Snorg (2)]
 10672 | D:11     | Slain by Snorg

Levels and vault maps discovered:
D:1:      roderic_octagonal_star, layout_loops_ring,
          ebering_ecumenical_altar_hall, minmay_door_square
D:2:      layout_rooms, basic_altar, corexii_shack
D:3:      layout_basic, serial_shops, shop
D:4:      layout_layer_cave, nicolae_uskayaw_suspiria,
          mainiacjoe_overflow_chevrons, uniq_eustachio, uniq_grinder,
          uniq_crazy_yiuf_cottage, uniq_ijyb
D:5:      layout_loops_ring, minmay_temple_entry_from_below_a, st_stairs_2
D:6:      layout_rooms, mainiacjoe_overflow_alcove_4, lemuel_crystal_altar,
          serial_shops, shop, kennysheep_another_room, minmay_circle_x
D:7:      layout_rooms
D:8:      layout_loops_ring, lair_entry_dummy, uniq_psyche, uniq_maurice
D:9:      layout_long_grid, overflow_temple_1_default
D:10:     layout_stronghold, enter_bailey_4, water_maze_lemuel
D:11:     layout_long_grid, ashenzari_altar_1, uniq_snorg, uniq_amaemon,
          uniq_fannar

Skill      XL: |  1  2  3  4  5  6  7  8  9 10 11 |
---------------+----------------------------------+-----
Axes           | 2 3 5 7 8 9 10 11 | 11.1
Throwing       | 1 3 4 |  4.0
Fighting       | 5 6 8 9 |  9.0
Dodging        | 1 2 |  2.2
Shields        | 7 8 9 10 | 10.1
Armour         | 4 6 7 |  7.0

Action                   |  1- 3 |  4- 6 |  7- 9 | 10-12 || total
-------------------------+-------+-------+-------+-------++-------
Melee: War axe           |    65 |   116 |   109 |       ||   290
       Broad axe         |       |       |   189 |   366 ||   555
       Unarmed           |       |       |    19 |     5 ||    24
Throw: Javelin           |     8 |     9 |     8 |    31 ||    56
       Boomerang         |     6 |    20 |     9 |    30 ||    65
  Use: Scroll            |     3 |     5 |    10 |     5 ||    23
       Potion            |       |       |     7 |     3 ||    10
Armor: Scale mail        |    35 |    12 |       |       ||    47
       Chain mail        |       |    59 |   188 |   248 ||   495
       Skin              |       |       |     9 |     2 ||    11
Dodge: Dodged            |    35 |    56 |    90 |   115 ||   296
Block: Buckler           |    14 |    72 |    45 |       ||   131
       Kite shield       |       |       |   150 |   376 ||   526
       Reflection        |       |       |    10 |    17 ||    27

Table legend:
 A = Non-vault XP
 B = Vault XP
 C = Vault XP percentage of total XP
 D = Non-vault monster count
 E = Vault monster count
 F = Vault count percentage of total count
                 A         B        C        D         E       F
            +---------+---------+-------+---------+---------+-------
      Total |   13721 |    2522 |  15.5 |     216 |      18 |   7.7
            +---------+---------+-------+---------+---------+-------
        D:1 |      24 |       0 |   0.0 |      15 |       0 |   0.0
        D:2 |      67 |       3 |   4.3 |      24 |       1 |   4.0
        D:3 |      26 |       0 |   0.0 |       8 |       0 |   0.0
        D:4 |      72 |     509 |  87.6 |      14 |       3 |  17.6
        D:5 |     547 |      57 |   9.4 |      23 |       3 |  11.5
        D:6 |     679 |      81 |  10.7 |      20 |       2 |   9.1
        D:7 |     947 |       0 |   0.0 |      20 |       0 |   0.0
        D:8 |    1842 |     719 |  28.1 |      24 |       2 |   7.7
        D:9 |    2705 |       0 |   0.0 |      29 |       0 |   0.0
       D:10 |    2180 |      12 |   0.5 |      10 |       5 |  33.3
       D:11 |    4632 |    1141 |  19.8 |      29 |       2 |   6.5
            +---------+---------+-------+---------+---------+-------
